 Dungeon Crawl Stone Soup version 0.19.0-24-gb05acd6 (webtiles) character file.

61 Ice the Skirmisher (level 3, 0/26 HPs)
             Began as a Deep Elf Wanderer on Nov 22, 2016.
             Was a Follower of Vehumet.
             Slain by a gnoll
             ... wielding a +0 flail
              (9 damage)
             ... on level 3 of the Dungeon.
             The game lasted 00:12:07 (1800 turns).

Ice the Skirmisher (Deep Elf Wanderer)              Turns: 1800, Time: 00:12:08

Health: 0/26       AC:  2    Str: 10    XL:     3   Next: 83%
Magic:  1/8        EV: 11    Int: 15    God:    Vehumet [*.....]
Gold:   24         SH:  0    Dex: 15    Spells: 1 memorised, 5 levels left

rFire  . . .     SeeInvis .     a - +2 falchion
rCold  . . .     Gourm    .     d - +0 robe
rNeg   . . .     Faith    .     (no shield)
rPois  .         Spirit   .     (no helmet)
rElec  .         Reflect  .     (no cloak)
rCorr  .         Harm     .     (no gloves)
MR     .....                    (no boots)
Stlth  ++........               (no amulet)
                                (no ring)
                                (no ring)

@: very slightly contaminated
A: no striking features
a: Renounce Religion


You were on level 3 of the Dungeon.
You worshipped Vehumet.
Vehumet was aware of your devotion.
You were not hungry.

You visited 1 branch of the dungeon, and saw 3 of its levels.

You collected 24 gold pieces.

Inventory:

Hand Weapons
 a - a +2 falchion (weapon)
 e - a +0 dagger
 n - a +1 dagger of holy wrath
 q - a +1 hunting sling of freezing
 w - a +0 great mace
Missiles
 g - 36 arrows
 i - 47 stones (quivered)
 y - 21 poisoned needles
Armour
 d - a +0 robe (worn)
 s - a +0 leather armour
 t - a +0 ring mail
Scrolls
 c - 2 scrolls of teleportation
 h - 2 scrolls of immolation
 j - a scroll of fog {unknown}
Potions
 b - a potion of lignification
 k - 2 potions of curing {unknown}
 o - a potion of cure mutation
 p - 2 potions of berserk rage {unknown}
 u - a potion of ambrosia {unknown}
 v - a potion of flight {unknown}
Comestibles
 f - 5 bread rations
 l - a meat ration
 m - a beef jerky
 r - a slice of pizza
 x - 3 chunks of flesh


   Skills:
 - Level 5.0 Fighting
 - Level 1.0 Long Blades
 - Level 3.6 Stealth
   Level 1.0 Shields
 + Level 2.1 Spellcasting


You had 5 spell levels left.
You knew the following spells:

 Your Spells              Type           Power        Failure   Level  Hunger
a - Sandblast             Erth           #.....       21%         1    #......


Dungeon Overview and Level Annotations

Branches:
Dungeon (3/15)

Altars:
Vehumet


Message History

The gnoll is heavily wounded.
The gnoll hits you with a flail.
You closely miss the gnoll.
The gnoll is heavily wounded.
The gnoll barely misses you.
You riposte.
You barely miss the gnoll.
The gnoll is heavily wounded.
You hit the gnoll.
The gnoll is severely wounded.
The gnoll closely misses you.
You hit the gnoll.
The gnoll is almost dead.
The gnoll completely misses you.
You hit the gnoll but do no damage.
The gnoll is almost dead.
The gnoll barely misses you.
You riposte.
You barely miss the gnoll.
The gnoll is almost dead.
You closely miss the gnoll.
The gnoll is almost dead.
The gnoll hits you with a flail!
You die...

.## .(. ... #.# ### #.
### #.# #.. .. (.# #.#
#.# #. #.# ##g## #.# #.
#.# ##.@.###.# #.##.##
##.....##.# #.....#
#.......#.####.#..#
#................รท.###
+.....................
#.........#........###
##.......#.#.#.#.#.#
##..................
......#..#.#.#.#.#.#.


You could see a gnoll.

Vanquished Creatures
  An adder (D:2)
  2 worms (D:2)
  2 dart slugs
  2 leopard geckos
  3 bats
  2 giant cockroaches (D:1)
  6 goblins
  6 hobgoblins
  4 jackals (D:2)
  A quokka (D:3)
  A ball python (D:2)
  A kobold (D:1)
  6 rats
37 creatures vanquished.

Notes
Turn   | Place    | Note
-------+----------+-------------------------------------------
     0 | D:1      | Ice the Deep Elf Wanderer began the quest for the Orb.
     0 | D:1      | Ice set off with: a +2 falchion, a potion of lignification, a scroll of teleportation, a +0 robe, a +0 dagger, a bread ration
     0 | D:1      | Reached XP level 1. HP: 15/15 MP: 3/3
   300 | D:1      | Reached XP level 2. HP: 20/20 MP: 4/4
   981 | D:2      | Reached XP level 3. HP: 22/25 MP: 5/5
  1087 | D:2      | Found a faded altar of an unknown god.
  1098 | D:2      | Reached skill level 5 in Fighting
  1105 | D:2      | Became a worshipper of Vehumet
  1105 | D:2      | Reached * piety under Vehumet
  1105 | D:2      | Offered knowledge of Sandblast by Vehumet.
  1116 | D:2      | Learned a level 1 spell: Sandblast
  1248 | D:2      | Reached skill level 1 in Spellcasting
  1800 | D:3      | Slain by a gnoll

Skill      XL: |  1  2  3 |
---------------+----------+-----
Fighting       | 5 |  5.0
Spellcasting   | 2 |  2.1
Long Blades    | |  1.0
Stealth        | |  3.6
Shields        | |  1.0

Action                   || total
-------------------------++-------
Melee: Falchion          ||    60
       Dagger            ||     2
 Fire: Hunting sling     ||    32
Throw: Stone             ||    40
 Cast: Sandblast         ||    12
  Use: Scroll            ||     3
 Stab: Sleeping          ||     1
  Eat: Chunk             ||     4
Armor: Robe              ||     7
       Ring mail         ||    25
       Leather armour    ||     2
Dodge: Dodged            ||    48
       Rpst.: Falchion   ||    12
